 Dungeon Crawl Stone Soup version 0.17-a0-848-g7e5c6af (webtiles) character file.

786 namelastname112 the Bolt Thrower (level 7, 0/60 HPs)
             Began as a Pale Draconian Hunter on Apr 27, 2015.
             Slain by an orc
             ... wielding a +0 club
              (1 damage)
             ... on level 5 of the Dungeon.
             The game lasted 00:08:24 (4103 turns).

namelastname112 the Bolt Thrower (DrHu)             Turns: 4103, Time: 00:08:25

Health: 0/60       AC:  7    Str: 14    XL:     7   Next: 56%
Magic:  7/7        EV: 13    Int: 12    God:
Gold:   214        SH:  0    Dex: 13    Spells: 0 memorised, 6 levels left

rFire  . . .     SeeInvis .     a - +0 trident
rCold  . . .     Clarity  .     (armour unavailable)
rNeg   + . .     SustAb   .     (no shield)
rPois  .         Gourm    .     (helmet restricted)
rElec  .         Spirit   .     p - +0 cloak
rCorr  .         Warding  .     (no gloves)
rMut   .         Stasis   .     (no boots)
MR     .....                    (no amulet)
Stlth  +.........               (no ring)
                                k - ring of positive energy

@: confused, drained, not resistant to hostile enchantments, very unstealthy
A: breathe steam, unfitting armour, cold-blooded, AC +6
a: Breathe Steam


You were on level 5 of the Dungeon.
You were hungry.

You visited 1 branch of the dungeon, and saw 5 of its levels.

You collected 214 gold pieces.

Inventory:

Hand weapons
 a - a +0 trident (weapon)
 b - a +1 hand crossbow
Missiles
 c - 29 bolts
Armour
 p - a +0 cloak (worn)
Jewellery
 k - a ring of positive energy (left hand)
Magical devices
 f - a wand of digging (7)
Scrolls
 e - 2 scrolls of blinking {unknown}
 g - 5 scrolls of identify {unknown}
 h - a scroll of magic mapping {unknown}
 j - 2 scrolls of immolation {unknown}
 l - a scroll of enchant armour {unknown}
 s - a scroll of fear {unknown}
Potions
 i - 3 potions of magic
 o - a potion of might
 t - a potion of mutation {unknown}
Comestibles
 d - 3 bread rations
 m - 2 meat rations
 q - 2 beef jerkies


   Skills:
 + Level 4.8(4.2) Fighting
 + Level 2.3(1.7) Polearms
 * Level 6.4(5.8) Crossbows
 + Level 3.9(3.3) Dodging
 - Level 0.8(0.3) Stealth


You had 6 spell levels left.
You didn't know any spells.

Dungeon Overview and Level Annotations

Branches:
Dungeon (5/15)
 Temple: D:4-7

Altars:
Elyvilon
Okawaru
Xom

Shops:
D:4 *


Innate Abilities, Weirdness & Mutations

You can breathe blasts of scalding, opaque steam.
Your pale cyan-grey scales are hard (AC +6).
Your body does not fit into most forms of armour.
You are cold-blooded and may be slowed by cold attacks.


Message History

You are confused.
The phantom hits you.
* * * LOW HITPOINT WARNING * * *
Something hits you but does no damage.
You bump into the rock wall.
The orc wizard hits you but does no damage.
The orc misses you. The orc wizard hits you with a dagger.
* * * LOW HITPOINT WARNING * * *
The phantom blinks!
Something hits you.
* * * LOW HITPOINT WARNING * * *
Something shocks you.
* * * LOW HITPOINT WARNING * * *
The orc wizard points at you and mumbles some strange words.
You are more confused.
The orc wizard mumbles some strange words.
The orc wizard flickers and vanishes!
Something hits you but does no damage.
You have got your breath back.
The orc wizard points at you and mumbles some strange words.
You resist with some effort. The orc hits you with a club.
You die...

......... #
#......... ...
......?...
#.##........#
......o......
#...o.......
#.W{#.#.....#
#.#...o{.......
#....o@).......
.....(........###
##.#.........ยง#
................
...............
#............
....?......
......... ...


You could see a phantom, an orc wizard and 2 orcs.

Vanquished Creatures
  Grinder (D:4)
  Sigmund (D:2)
  An ogre (D:4)
  A hound (D:4)
  An orc wizard (D:4)
  A worker ant (D:4)
  2 orc priests (D:4)
  Terence (D:2)
  7 adders
  An ooze (D:1)
  A worm (D:2)
  6 giant geckos
  3 orcs
  8 giant cockroaches
  8 goblins
  12 hobgoblins
  9 jackals
  16 kobolds
  8 bats
  2 giant newts
  5 quokkas
  A quokka skeleton (D:4)
  7 rats
103 creatures vanquished.

Notes
Turn   | Place    | Note
--------------------------------------------------------------
     0 | D:1      | namelastname112, the Draconian Hunter, began the quest for the Orb.
     0 | D:1      | Reached XP level 1. HP: 17/17 MP: 1/1
   117 | D:1      | Reached XP level 2. HP: 20/25 MP: 2/2
   311 | D:1      | Reached skill level 4 in Crossbows
   356 | D:1      | Reached XP level 3. HP: 14/30 MP: 3/3
   808 | D:2      | Noticed Sigmund
   819 | D:2      | Killed Sigmund
   819 | D:2      | Reached skill level 5 in Crossbows
   819 | D:2      | Reached XP level 4. HP: 21/40 MP: 4/4
   819 | D:2      | Reached XP level 5. HP: 24/46 MP: 5/5
  1261 | D:2      | Noticed Terence
  1273 | D:2      | Killed Terence
  1809 | D:2      | Reached XP level 6. HP: 37/52 MP: 6/6
  1958 | D:3      | Found a white marble altar of Elyvilon.
  2389 | D:3      | Found a shimmering altar of Xom.
  2390 | D:3      | Found a shimmering altar of Xom.
  2391 | D:3      | Found a shimmering altar of Xom.
  2392 | D:3      | Found a shimmering altar of Xom.
  2394 | D:3      | Found a shimmering altar of Xom.
  2881 | D:4      | Reached skill level 1 in Polearms
  2901 | D:4      | Noticed Grinder
  2908 | D:4      | Paralysed by Grinder for 7 turns
  2923 | D:4      | Killed Grinder
  2923 | D:4      | Reached skill level 6 in Crossbows
  2923 | D:4      | Your scales start taking on a pale cyan-grey colour.
  2923 | D:4      | Reached XP level 7. HP: 33/60 MP: 7/7
  2974 | D:4      | Found a sand-covered staircase.
  3554 | D:4      | Found Taupam's General Store.
  4007 | D:4      | Found an iron altar of Okawaru.
  4020 | D:4      | Found a white marble altar of Elyvilon.
  4088 | D:5      | Entered Level 5 of the Dungeon
  4101 | D:5      | HP: 1/60 [something (6)]
  4103 | D:5      | Slain by an orc

Action                   |  1- 3 |  4- 6 |  7- 9 || total
-------------------------+-------+-------+-------++-------
Melee: Short sword       |   129 |       |       ||   129
       Trident           |       |   189 |    62 ||   251
       Scythe            |       |    45 |       ||    45
 Fire: Hand crossbow     |     9 |    13 |    12 ||    34
 Abil: Breathe Steam     |       |       |     6 ||     6
  Use: Potion            |       |       |     4 ||     4
 Stab: Sleeping          |       |     3 |     1 ||     4
  Eat: Chunk             |       |     7 |       ||     7
       Bread ration      |       |       |     1 ||     1
